 Dungeon Crawl Stone Soup version 0.22-a0-568-g270d1ae (webtiles) character file.

14710 royokou the Destroyer (level 11, 0/72 HPs)
             Began as a Deep Elf Conjurer on June 29, 2018.
             Was an Elder of Vehumet.
             Slain by a komodo dragon (27 damage)
             ... on level 2 of the Lair of Beasts.
             The game lasted 01:58:04 (15982 turns).

royokou the Destroyer (Deep Elf Conjurer)          Turns: 15982, Time: 01:58:04

Health: 0/72       AC: 14    Str:  8    XL:     11   Next: 92%
Magic:  2/26       EV: 15    Int: 21    God:    Vehumet [****..]
Gold:   435        SH:  0    Dex: 15    Spells: 12/29 levels left

rFire    . . .     SeeInvis .   C - +7 Screaming Sword
rCold    . . .     Gourm    .   (no shield)
rNeg     . . .     Faith    .   M - +0 ring mail
rPois    +         Spirit   .   J - +2 helmet
rElec    .         Reflect  .   y - +2 cloak {rPois}
rCorr    .         Harm     .   B - +0 pair of gloves {archery}
MR       +....                  o - +1 pair of boots
Stlth    +++.......             (no amulet)
HPRegen  0.22/turn              m - ring of flight
MPRegen  0.20/turn              Q - ring of stealth

@: no status effects
A: no striking features
a: Renounce Religion, Evoke Flight


You were on level 2 of the Lair of Beasts.
You worshipped Vehumet.
Vehumet was greatly pleased with you.
You were hungry.

You visited 3 branches of the dungeon, and saw 14 of its levels.

You collected 884 gold pieces.
You spent 449 gold pieces at shops.

Inventory:

Hand Weapons
 l - a +4 dagger of chaos
 C - the +7 Screaming Sword (weapon)
   (You found it on level 4 of the Dungeon)
 H - a +1 war axe of electrocution
Armour
 b - a +0 ring mail
 i - a +0 chain mail
 n - a +0 ring mail
 o - a +1 pair of boots (worn)
 v - a +0 robe of positive energy
 y - a +2 cloak of poison resistance (worn)
 A - a +0 scale mail
 B - a +0 pair of gloves of archery (worn)
 J - a +2 helmet (worn)
 M - a +0 ring mail (worn)
 R - a +0 troll leather armour
Magical Staves
 E - an uncursed staff of air
Jewellery
 g - an uncursed ring of ice
 m - a ring of flight (left hand)
 Q - a ring of stealth (right hand)
 X - an uncursed ring of ice
Wands
 z - a wand of iceblast (14)
 D - a wand of digging (8)
 L - a wand of polymorph (24)
 T - a wand of random effects (51)
Scrolls
 a - 3 scrolls of fog
 d - 3 scrolls of enchant weapon
 h - a scroll of blinking
 j - 4 scrolls of remove curse
 p - 4 scrolls of identify
 t - 9 scrolls of teleportation
 u - 3 scrolls of amnesia
 w - 3 scrolls of magic mapping
 G - 3 scrolls of immolation
 O - a scroll of holy word
 U - a scroll of vulnerability
 V - a scroll of fear
 Y - a scroll of enchant armour
 Z - a scroll of noise
Potions
 e - 4 potions of berserk rage
 f - 4 potions of magic
 k - 3 potions of invisibility
 q - 3 potions of lignification
 r - 7 potions of curing
 s - 2 potions of agility
 x - 4 potions of flight
 F - 3 potions of ambrosia
 I - a potion of might
 K - 2 potions of heal wounds
 P - a potion of resistance
 S - a potion of brilliance
Miscellaneous
 N - a fan of gales
 W - a lamp of fire
Comestibles
 c - 21 rations


   Skills:
 - Level 10.0 Fighting
 - Level 0.3(3.7) Short Blades
 + Level 5.5 Long Blades
 - Level 10.1 Dodging
 - Level 2.4 Stealth
 + Level 9.7 Spellcasting
 + Level 10.6 Conjurations
 + Level 2.0 Fire Magic


You had 12 spell levels left.
You knew the following spells:

 Your Spells              Type           Power        Failure   Level  Hunger
a - Magic Dart            Conj           ####         1%          1    None
b - Searing Ray           Conj           ######       1%          2    None
c - Dazzling Spray        Conj/Hex       ####..       1%          3    None
d - Iskenderun's Mystic   Conj           ######..     1%          4    ##.....
e - Fulminant Prism       Conj/Hex       ####......   7%          4    ##.....
f - Conjure Flame         Conj/Fire      #####...     1%          3    None

Your spell library contained the following spells:

 Spells                   Type           Power        Failure   Level  Hunger
 Cause Fear               Hex            ##........   90%         4    ##.....
 Slow                     Hex            ##......     30%         2    None
 Stone Arrow              Conj/Erth      ####..       1%          3    None
 Spider Form              Tmut/Pois      ##........   52%         3    None
 Blade Hands              Tmut           ##........   99%         5    ####...
 Ice Form                 Ice/Tmut       ##......     90%         4    ##.....
 Passwall                 Tmut/Erth      ##......     30%         2    None
 Sticks to Snakes         Tmut           ##......     30%         2    None
 Corona                   Hex            ##.....      21%         1    None
 Lee's Rapid Deconstruct  Erth           ##........   78%         5    ####...
 Sandblast                Erth           ##....       5%          1    None
 Portal Projectile        Hex/Tloc       ##....       52%         3    None
 Petrify                  Tmut/Erth      ##......     90%         4    ##.....
 Leda's Liquefaction      Hex/Erth       ##........   90%         4    ##.....
 Inner Flame              Hex/Fire       ##......     11%         3    None
 Beastly Appendage        Tmut           ##....       21%         1    None
 Force Lance              Conj/Tloc      ####....     7%          4    ##.....


Dungeon Overview and Level Annotations

Branches:
Dungeon (11/15)            Temple (1/1) D:6            Lair (2/6) D:11
  Snake (0/4) Lair:2          Orc (0/2) D:9
  Swamp: Lair:2-4    Shoals: Lair:2-4

Altars:
Ashenzari
Cheibriados
Dithmenos
Elyvilon
Fedhas
Gozag
Hepliaklqana
Kikubaaqudgha
Makhleb
Nemelex Xobeh
Okawaru
Qazlal
Ru
Sif Muna
Trog
Uskayaw
Vehumet
Wu Jian
Xom
Yredelemnul
Zin
The Shining One
Beogh

Shops:
D:6 ?   D:9 }=[   D:10 %

Annotations:
D:5 1 runed door, Marixus's ghost, novice DsAK
D:9 1 runed door, Erolcha; Nornya's ghost, novice DrFE
D:11 1 runed door


Message History

The komodo dragon is severely wounded. (Press . to maintain the ray.)
The water moccasin hisses angrily.
The wolf closely misses you.
You riposte.
You miss the wolf.
The wolf is lightly wounded.
The wolf bites you but does no damage.
The searing ray hits the wolf.
The wolf is moderately wounded.
The Screaming Sword whines plaintively.
You hear a howl!
The wolf barely misses you. x2
The searing ray hits the wolf.
The wolf is heavily wounded.
The wolf bites you.
The searing ray hits the wolf.
You kill the wolf!
Vehumet accepts your kill.
You feel your power returning.
You finish channeling your searing ray.
The komodo dragon bites you!!
You die...

.........##..P##
#...#.#........##
#######...P##...##
###.####...# ##..
##..## #### #.S.#
#.P..# ###..##
###...#####..###.....P
#....#l####..#.P.....#
##..@†..............#
#P.###P#.#####......
#.. ###.# #...P.P ##.
### ###.P## .. #.## #.
##.## #. #...# #.
#..## ##.P#


You could see a komodo dragon and a water moccasin.

Vanquished Creatures
  Pikel (D:5)
  A black mamba (Lair:2)
  Maurice (D:8)
  A manticore (D:8)
  Psyche (D:8)
  Joseph (D:7)
  2 spiny frogs (Lair:1)
  A komodo dragon (Lair:1)
  4 trolls
  3 hippogriffs
  Prince Ribbit (D:6)
  Sigmund (D:5)
  3 yaks (D:11)
  Grum (D:8)
  A human (D:9)
  A basilisk (Lair:2)
  4 hogs (D:9)
  Duvessa (D:6)
  A hell hound (D:11)
  4 water moccasins
  A porcupine (Lair:1)
  2 eyes of draining
  A phantom (D:4)
  6 orc warriors
  3 sky beasts (D:8)
  4 ice beasts
  13 ogres
  A necrophage (D:11)
  5 wolves
  4 centaurs
  6 crocodiles (Lair:1)
  3 big kobolds (D:9)
  4 bullfrogs
  3 gnoll sergeants (D:9)
  Blork the orc (D:6)
  Dowan (D:6)
  7 scorpions
  A wyvern skeleton (D:6)
  4 killer bees (D:10)
  2 howler monkeys
  2 crimson imps
  A bullfrog zombie (D:7)
  2 centaur zombies
  2 quasits
  10 hounds
  4 bullfrog skeletons
  4 jellies
  10 orc priests
  4 centaur skeletons
  13 orc wizards
  Crazy Yiuf (D:3)
  4 iguanas
  7 worker ants
  A hound skeleton (D:5)
  A mummy (D:7)
  10 gnolls
  21 adders
  A shadow imp (D:7)
  2 adder skeletons
  7 worms
  3 dart slugs
  5 leopard geckos
  63 orcs
  16 bats
  8 giant cockroaches
  7 hobgoblins
  20 jackals
  4 quokkas
  2 ball pythons
  2 frilled lizards
  7 goblins
  A jackal skeleton (D:5)
  9 kobolds
  A quokka zombie (D:6)
  5 rats
  A plant (D:5)
367 creatures vanquished.

Vanquished Creatures (others)
  A slave (D:5)
  A leopard gecko (D:5)
  An orc (D:5)
  A frilled lizard (D:5)
  A fulminant prism (D:11)
  10 fungi
  A plant (D:5)
16 creatures vanquished.

Grand Total: 383 creatures vanquished

Notes
Turn   | Place    | Note
-------+----------+-------------------------------------------
     0 | D:1      | royokou the Deep Elf Conjurer began the quest for the Orb.
     0 | D:1      | Reached XP level 1. HP: 10/10 MP: 6/6
    87 | D:1      | Reached XP level 2. HP: 14/15 MP: 1/8
    94 | D:1      | Learned a level 2 spell: Searing Ray
   346 | D:1      | Reached skill level 5 in Conjurations
   503 | D:1      | Reached XP level 3. HP: 19/19 MP: 7/9
   508 | D:1      | Learned a level 3 spell: Dazzling Spray
  1345 | D:2      | Reached XP level 4. HP: 24/24 MP: 4/11
  1352 | D:2      | Learned a level 4 spell: Iskenderun's Mystic Blast
  1823 | D:3      | Found a faded altar of an unknown god.
  1929 | D:3      | Reached XP level 5. HP: 26/28 MP: 2/14
  2278 | D:3      | Found a runed door.
  2282 | D:3      | Noticed Crazy Yiuf
  2284 | D:3      | Killed Crazy Yiuf
  2284 | D:3      | Reached skill level 5 in Spellcasting
  2547 | D:4      | Reached XP level 6. HP: 29/32 MP: 10/15
  3115 | D:4      | Learned a level 4 spell: Fulminant Prism
  3363 | D:4      | Reached XP level 7. HP: 31/36 MP: 4/18
  3826 | D:4      | Found the +7 Singing Sword
  4037 | D:5      | Entered Level 5 of the Dungeon
  4042 | D:5      | Noticed Pikel
  4052 | D:5      | Killed Pikel
  4052 | D:5      | Reached skill level 1 in Fighting
  4052 | D:5      | Reached XP level 8. HP: 20/44 MP: 2/20
  4376 | D:5      | Found a runed door.
  4378 | D:5      | Noticed Marixus's ghost (novice DsAK)
  4660 | D:5      | Noticed Sigmund
  4663 | D:5      | Killed Sigmund
  5126 | D:5      | Reached skill level 10 in Conjurations
  5151 | D:5      | Found a burning altar of Makhleb.
  5151 | D:5      | Noticed a green death
  5154 | D:5      | Noticed a smoke demon
  5154 | D:5      | Noticed a hellwing
  5523 | D:6      | Noticed Prince Ribbit
  5529 | D:6      | Killed Prince Ribbit
  5529 | D:6      | Reached skill level 5 in Dodging
  5651 | D:6      | Noticed Duvessa
  5657 | D:6      | Noticed Dowan
  5659 | D:5      | Reached XP level 9. HP: 47/49 MP: 23/23
  5846 | D:6      | Found a staircase to the Ecumenical Temple.
  5896 | D:6      | Noticed Blork the orc
  6222 | D:6      | Killed Duvessa
  6230 | D:6      | Killed Dowan
  6390 | D:6      | Killed Blork the orc
  6522 | Temple   | Entered the Ecumenical Temple
  6573 | Temple   | Became a worshipper of Vehumet
  6604 | D:6      | Found an iron altar of Okawaru.
  7218 | D:6      | Found Atearuom's Magic Scroll Shop.
  7221 | D:6      | Bought a scroll of blinking for 112 gold pieces
  7221 | D:6      | Bought a scroll of enchant weapon for 112 gold pieces
  7511 | D:7      | Noticed Joseph
  7601 | D:7      | Killed Joseph
  7601 | D:7      | Reached skill level 5 in Fighting
  8003 | D:7      | Found a shadowy altar of Dithmenos.
  8015 | D:7      | Found a snail-covered altar of Cheibriados.
  8020 | D:7      | Reached * piety under Vehumet
  8020 | D:7      | Offered knowledge of Sting by Vehumet.
  8376 | D:8      | Reached XP level 10. HP: 60/60 MP: 9/25
  8481 | D:8      | Found an ornate altar of the Wu Jian Council.
  8578 | D:8      | Noticed Psyche
  8619 | D:8      | Killed Psyche
  8907 | D:8      | Noticed Grum
  8934 | D:8      | Killed Grum
  9160 | D:8      | Found a faded altar of an unknown god.
  9160 | D:8      | Found a sparkling altar of Nemelex Xobeh.
  9175 | D:8      | Found a faded altar of an unknown god.
  9177 | D:8      | Found a deep blue altar of Sif Muna.
  9178 | D:8      | Found an opulent altar of Gozag.
  9248 | D:8      | Reached ** piety under Vehumet
  9254 | D:8      | Offered knowledge of Freeze by Vehumet.
  9318 | D:8      | Noticed Maurice
  9325 | D:8      | Killed Maurice
  9347 | D:8      | Noticed a manticore
  9617 | D:8      | Killed a manticore
 10405 | D:9      | Found Nafut's Antique Armour Shoppe.
 10413 | D:9      | Bought a pair of glowing gloves for 225 gold pieces
 10434 | D:9      | Noticed Erolcha
 10784 | D:9      | Found Ischy Tid's Gadget Boutique.
 10794 | D:9      | Found a runed door.
 10794 | D:9      | Noticed Nornya's ghost (novice DrFE)
 10802 | D:9      | Found Dosaampo's Jewellery Shop.
 10953 | D:9      | Found a shattered altar of Ashenzari.
 11372 | D:9      | Reached skill level 10 in Dodging
 11372 | D:9      | Reached XP level 11. HP: 69/69 MP: 13/26
 11589 | D:9      | Found a staircase to the Orcish Mines.
 11633 | D:9      | Reached skill level 1 in Long Blades
 11781 | D:10     | Entered Level 10 of the Dungeon
 12121 | D:10     | Offered knowledge of Throw Flame by Vehumet.
 12497 | D:10     | Found Gevaec's Food Boutique.
 12512 | D:10     | Reached *** piety under Vehumet
 12794 | D:10     | Offered knowledge of Airstrike by Vehumet.
 12957 | D:10     | Found a roughly hewn altar of Beogh.
 13405 | D:11     | Found a staircase to the Lair.
 13418 | D:11     | Reached **** piety under Vehumet
 14383 | D:11     | Found a runed door.
 14417 | D:11     | Noticed a brown ugly thing
 14422 | D:11     | Noticed a red ugly thing
 14422 | D:11     | Noticed a glowing orange brain
 14433 | D:11     | Noticed a white ugly thing
 14433 | D:11     | Noticed a brown ugly thing
 14433 | D:11     | Noticed a cyan ugly thing
 14436 | D:11     | Noticed a green ugly thing
 14493 | Lair:1   | Entered Level 1 of the Lair of Beasts
 14519 | Lair:1   | Offered knowledge of Conjure Flame by Vehumet.
 14691 | Lair:1   | Reached skill level 10 in Fighting
 14691 | Lair:1   | Reached skill level 5 in Long Blades
 14696 | Lair:1   | Learned a level 3 spell: Conjure Flame
 14925 | Lair:1   | Reached skill level 1 in Fire Magic
 15834 | Lair:2   | Found a staircase to the Snake Pit.
 15982 | Lair:2   | Slain by a komodo dragon

Vault maps used:
D:1:      onia_arrival_mini_spirals
D:3:      first_ration, chequers_ecumenical_altar_simple,
          uniq_crazy_yiuf_cottage
D:4:      old_forge
D:5:      makhleb_altar_promises_db, ebering_ghost_reflecting_pool,
          serial_bayou_pond_c, nrook_uturn, nrook_loot_triangle, uniq_sigmund,
          uniq_pikel
D:6:      okawaru_metal_pillars_1_2, minmay_temple_entry_junction_2,
          serial_shops, nicolae_shop_behind_doors, grunt_ministairs_3,
          uniq_blork_the_orc, uniq_prince_ribbit1, uniq_duvessa
D:7:      slow_altar_1, grunt_dithmenos_smoke, uniq_joseph
D:8:      kennysheep_little_box, chequers_temple_overflow_minitemple,
          uniq_maurice, uniq_grum, uniq_psyche
D:9:      ashenzari_conservatory_becter, kennysheep_orc_monster_closet_entryway,
          serial_shops, shop_statue, shop, shop, gammafunk_ghost_grave,
          grunt_livestock, uniq_erolcha
D:10:     special_room, serial_shops, shop
D:11:     minmay_lair_entry_lava, ploomutoo_gammafunk_potion_laboratory,
          minmay_fountain_box, eino_tiny_chamber
Temple:   dshaligram_water_room_temple
Lair:1:   beast_lair_carwin_1
Lair:2:   minmay_snake_entry_six_corridors, minivault_26,
          grunt_forest_large_clearings

Skill      XL: |  1  2  3  4  5  6  7  8  9 10 11 |
---------------+----------------------------------+-----
Conjurations   | 5 6 7 8 9 10 | 10.6
Spellcasting   | 4 5 6 7 8 9 |  9.7
Fighting       | 1 2 5 8 10 | 10.0
Dodging        | 3 5 7 10 | 10.1
Long Blades    | 5 |  5.5
Fire Magic     | 2 |  2.0
Short Blades   | |  0.3
Stealth        | |  2.4

Action                   |  1- 3 |  4- 6 |  7- 9 | 10-12 || total
-------------------------+-------+-------+-------+-------++-------
Melee: Short sword       |    11 |    19 |       |       ||    30
       Double sword      |       |       |    50 |    82 ||   132
 Cast: Magic Dart        |    80 |    75 |   146 |   168 ||   469
       Searing Ray       |     4 |    16 |    32 |    66 ||   118
       Iskenderun's Myst |       |     8 |    40 |   120 ||   168
       Dazzling Spray    |       |       |     2 |       ||     2
       Conjure Flame     |       |       |       |     1 ||     1
       Fulminant Prism   |       |       |       |     1 ||     1
  Use: Scroll            |       |    13 |     6 |     6 ||    25
       Potion            |       |     2 |     3 |       ||     5
 Stab: Sleeping          |       |     1 |       |       ||     1
  Eat: Chunk             |     1 |     7 |    15 |    23 ||    46
       Ration            |       |       |     1 |     2 ||     3
Armor: Robe              |     6 |       |       |       ||     6
       Leather armour    |     2 |    16 |     7 |       ||    25
       Ring mail         |       |       |    19 |    83 ||   102
Dodge: Dodged            |    12 |    21 |    59 |   149 ||   241
       Rpst.: Double sword |       |       |    18 |    38 ||    56

Table legend:
 A = Spawn XP
 B = Non-spawn XP
 C = Spawn XP percentage of total XP
 D = Spawn monster count
 E = Non-spawn monster count
 F = Spawn count percentage of total count
 G = Total turns spent on level
                    A         B        C        D         E        F      G
               +---------+---------+-------+---------+---------+-------+---------
         Total |       0 |   21015 |   0.0 |       0 |     366 |   0.0 | 15982
               +---------+---------+-------+---------+---------+-------+---------
           D:1 |       0 |      41 |   0.0 |       0 |      21 |   0.0 |   648
           D:2 |       0 |      75 |   0.0 |       0 |      19 |   0.0 |   894
           D:3 |       0 |     237 |   0.0 |       0 |      28 |   0.0 |  1158
           D:4 |       0 |     690 |   0.0 |       0 |      33 |   0.0 |  1337
           D:5 |       0 |    1467 |   0.0 |       0 |      24 |   0.0 |  1825
           D:6 |       0 |    1589 |   0.0 |       0 |      25 |   0.0 |  1328
           D:7 |       0 |    1148 |   0.0 |       0 |      29 |   0.0 |  1007
           D:8 |       0 |    3902 |   0.0 |       0 |      39 |   0.0 |  1968
           D:9 |       0 |    3383 |   0.0 |       0 |      39 |   0.0 |  1548
          D:10 |       0 |    3247 |   0.0 |       0 |      58 |   0.0 |  1380
          D:11 |       0 |    1614 |   0.0 |       0 |      28 |   0.0 |  1332
        Lair:1 |       0 |    2453 |   0.0 |       0 |      13 |   0.0 |  1195
        Lair:2 |       0 |    1169 |   0.0 |       0 |      10 |   0.0 |   294
               +---------+---------+-------+---------+---------+-------+---------
